 Dungeon Crawl Stone Soup version 0.30-a0-50-gb2d611f6b1 (webtiles) character file.

Game seed: 1748727608253544198

31892 gruber the Fey Demonspawn (level 13, -3/94 HPs)
             Began as a Demonspawn Necromancer on Sept 4, 2022.
             Was an Initiate of Yredelemnul.
             Slain by a skeletal warrior
             ... wielding a +0 scimitar
              (19 damage)
             ... on level 12 of the Dungeon.
             The game lasted 00:24:45 (11895 turns).

gruber the Fey Demonspawn (Demonspawn Necromancer) Turns: 11895, Time: 00:24:45

Health: -3/94      AC: 22    Str: 12    XL:     13   Next: 28%
Magic:  33/33      EV: 11    Int: 20    God:    Yredelemnul [......]
Gold:   698        SH:  4    Dex: 23    Spells: 19/26 levels left

rFire   + . .      SeeInvis .    y - +0 hand axe (pain)
rCold   . . .      Faith    .    (no shield)
rNeg    + + .      Spirit   .    i - +8 ring mail of Failure {rPois rF+ Regen+}
rPois   +          Reflect  .    (no helmet)
rElec   .          Harm     .    g - +1 cloak
rCorr   .          Rampage  .    (gloves unavailable)
Will    +....                    a - +0 pair of boots
Stlth   ++........               A - amulet of magic regeneration
HPRegen 1.05/turn                L - ring "Qiyrusm" {rN+ MP+9 Str+2 Dex+3}
MPRegen 0.63/turn                B - ring "Riacwikko" {rN+ Will+ Dex+6 Slay+2}

@: no status effects
A: rugged brown scales 1, icemail 1, condensation shield, demonic touch 3
a: Renounce Religion, Recall Undead Harvest


You were on level 12 of the Dungeon.
You worshipped Yredelemnul.
Yredelemnul was pleased with you.
You visited 2 branches of the dungeon, and saw 15 of its levels.
You also visited: Ossuary and Bailey.

You collected 698 gold pieces.

Inventory:

Hand Weapons
 y - a +0 hand axe of pain (weapon)
 E - the +9 demon whip of Prudence {drain, *Noise Str+3}
   (You took it off an orc warrior in a bailey)

   A truly terrible weapon, it drains the life of any living foe it strikes.
   Str:       It affects your strength (+3).
   *Noise:    It may make noises in combat.
 Q - the +9 shortbow "Uviekade" {freeze, Int+8 Dex+2}
   (You took it off a centaur warrior on level 11 of the Dungeon)

   Any ammunition fired from it freezes those it strikes, dealing additional
   cold damage.
   It can also slow down cold-blooded creatures.
   Int:       It affects your intelligence (+8).
   Dex:       It affects your dexterity (+2).
Missiles
 f - 26 poisoned darts
 G - 2 throwing nets
Armour
 a - a +0 pair of boots (worn)
 g - a +1 cloak (worn)
 i - the +8 ring mail of Failure (worn) {rPois rF+ Regen+}
   (You found it on level 2 of the Dungeon)

   rF:        It protects you from fire.
   rPois:     It protects you from poison.
   Regen:     It increases your rate of health regeneration.
 N - a +0 pair of gloves
Jewellery
 j - a ring of wizardry
 A - an amulet of magic regeneration (around neck)
 B - the ring "Riacwikko" (right hand) {rN+ Will+ Dex+6 Slay+2}
   (You acquired it in a bailey)

   [ring of dexterity]

   Dex:       It affects your dexterity (+6).
   Slay:      It affects your accuracy & damage with ranged weapons and melee
   (+2).
   rN:        It protects you from negative energy.
   Will:      It increases your willpower.
 H - a ring of fire
 K - a ring of protection from cold
 L - the ring "Qiyrusm" (left hand) {rN+ MP+9 Str+2 Dex+3}
   (You found it on level 8 of the Dungeon)

   [ring of magical power]

   Str:       It affects your strength (+2).
   Dex:       It affects your dexterity (+3).
   rN:        It protects you from negative energy.
   MP:        It affects your magic capacity (+9).
Wands
 e - a wand of iceblast (10)
 F - a wand of flame (23)
 J - a wand of acid (8)
 R - a wand of polymorph (7)
Scrolls
 l - 3 scrolls of enchant weapon {unknown}
 m - a scroll of summoning
 o - 12 scrolls of identify {unknown}
 p - 7 scrolls of teleportation {unknown}
 r - 2 scrolls of immolation {unknown}
 s - 5 scrolls of noise {unknown}
 t - 5 scrolls of poison {unknown}
 v - 5 scrolls of vulnerability {unknown}
 w - 2 scrolls of fear {unknown}
 C - 4 scrolls of fog {unknown}
 D - 2 scrolls of magic mapping {unknown}
 O - 2 scrolls of amnesia {unknown}
Potions
 b - 3 potions of magic
 c - 4 potions of cancellation {unknown}
 d - 5 potions of attraction {unknown}
 h - 2 potions of brilliance {unknown}
 k - 16 potions of curing
 n - 2 potions of flight {unknown}
 q - 3 potions of ambrosia {unknown}
 u - 2 potions of heal wounds {unknown}
 x - 5 potions of degeneration {unknown}
 z - 2 potions of might {unknown}
 I - 2 potions of berserk rage {unknown}
 M - a potion of haste {unknown}
 P - a potion of mutation {unknown}


   Skills:
 - Level 5.4 Fighting
 - Level 9.1 Axes
 * Level 6.2 Armour
 - Level 2.2 Dodging
 - Level 1.7 Stealth
 - Level 7.0 Spellcasting
 - Level 11.0 Necromancy
 - Level 8.1 Ice Magic
 - Level 15.0 Invocations


You had 19 spell levels left.
You knew the following spells:

 Your Spells              Type           Power      Damage    Failure   Level
a - Necrotise             Necr           100%       1d9       1%          1
b - Vampiric Draining     Necr           51%        2d9       1%          3
c - Frozen Ramparts       Ice            78%        1d12      1%          3

Your spell library contained the following spells:

 Spells                   Type           Power      Damage    Failure   Level
 Freeze                   Ice            100%       1d11      1%          1
 Agony                    Necr           51%        N/A       5%          5
 Beastly Appendage        Tmut           14%        N/A       19%         1
 Sting                    Tmut/Pois      28%        1d4       19%         1
 Poisonous Vapours        Pois/Air       14%        N/A       28%         2
 Wereblood                Tmut           7%         N/A       28%         2
 Hailstorm                Conj/Ice       23%        3d7       36%         4
 Call Canine Familiar     Summ           7%         N/A       50%         3
 Portal Projectile        Hex/Tloc       14%        N/A       50%         3
 Spider Form              Tmut/Pois      7%         N/A       50%         3
 Stone Arrow              Conj/Erth      14%        3d7       50%         3
 Animate Armour           Summ/Erth      14%        N/A       88%         4
 Leda's Liquefaction      Hex/Erth       3%         N/A       88%         4
 Olgreb's Toxic Radiance  Pois           7%         N/A       88%         4
 Summon Lightning Spire   Summ/Air       7%         N/A       88%         4
 Fireball                 Conj/Fire      3%         3d4       99%         5
 Starburst                Conj/Fire      3%         6d3       100%        6
 Storm Form               Tmut/Air       3%         N/A       100%        7
 Ignition                 Fire           3%         3d4       100%        8
 Lehudib's Crystal Spear  Conj/Erth      3%         10d3      100%        8
 Maxwell's Capacitive Co  Air            3%         ∞         100%        8
 Animate Dead             Necr           Unusable   N/A       N/A         4

Dungeon Overview and Level Annotations

Branches:
Dungeon (14/15)            Temple (1/1) D:5            Lair (0/5) D:10
    Orc (0/2) D:11        Ossuary (visited)          Bailey (visited)
 Vaults: D:13-14

Altars:
Ashenzari
Cheibriados
Dithmenos
Fedhas
Gozag
Hepliaklqana
Kikubaaqudgha
Makhleb
Nemelex Xobeh
Okawaru
Qazlal
Ru
Sif Muna
Trog
Uskayaw
Vehumet
Wu Jian
Xom
Yredelemnul

Shops:
D:8 *   D:10 ?

Annotations:
D:5 Menkaure
D:12 Rupert


Innate Abilities, Weirdness & Mutations

You are partially covered in rugged brown scales. (AC +1, +3% HP)
A meltable icy envelope protects you from harm. (AC +4)
A meltable shield of frost defends you. (SH +4)
Your touch may irresistibly damage your foes and sap their willpower.


Message History

Your frozen ramparts will break if you move.
Continue? [Y]es or [N]o only, please.
Your frozen ramparts will break if you move.
Continue?
The skeletal warrior attacks as you move away!
The skeletal warrior hits you with a +0 scimitar.
* * * LOW HITPOINT WARNING * * *
The frozen ramparts melt away as you move.
You see here a +0 war axe.
The skeletal warrior attacks as you move away!
The skeletal warrior hits you with a +0 scimitar!
* * * LOW HITPOINT WARNING * * *
Casting: Frozen Ramparts (safe; 1% risk of failure)
Confirm with . or Enter, or press ? or * to list all spells.
Okay, then.
Okay, then.
Okay, then.
The skeletal warrior attacks as you move away!
The skeletal warrior closely misses you.
The skeletal warrior attacks as you move away!
The skeletal warrior hits you with a +0 scimitar!
* * * LOW HITPOINT WARNING * * *
The skeletal warrior attacks as you move away!
You block the skeletal warrior's attack.
The skeletal warrior attacks as you move away!
The skeletal warrior hits you with a +0 scimitar.
* * * LOW HITPOINT WARNING * * *
The skeletal warrior attacks as you move away!
The skeletal warrior barely misses you.
The skeletal warrior attacks as you move away!
The skeletal warrior hits you with a +0 scimitar!
* * * LOW HITPOINT WARNING * * *
The skeletal warrior attacks as you move away!
The skeletal warrior hits you with a +0 scimitar!
* * * LOW HITPOINT WARNING * * *
The skeletal warrior attacks as you move away!
The skeletal warrior hits you but does no damage.
It was a potion of curing.
You feel better.
The skeletal warrior hits you with a +0 scimitar!!
You die...
Your body rises from the dead as a mindless zombie.

#....# .......#.#.....#...
####.###+##########.#.....#)..
#................#.....#.>.
#Z.#########.....#.....#.## #Z.#
#.....#.....#.# #Z.#
#z....#.....#.# #..#
#.....#.....#.#
#Z.####+####z....# #.##
#######.........@z.....# #Z..
.......Z#####..........# #Z##
.......Z# #..........#######.#
.......Z# #..................#
.......Z# #<.................#
........#####..........#######.#
.........Z.............# #.#
.........Z.............# #.#
..............Z.######.# #.#


You could see 2 skeletal warriors.

Vanquished Creatures
  4 hydras
  4 two-headed ogres
  2 centaur warriors (D:11)
  An orc high priest (Bailey)
  2 skeletal warriors
  Pikel (D:8)
  A wizard (D:11)
  2 cyclopes (D:11)
  An ugly thing (D:11)
  A manticore (D:11)
  A gargoyle (D:10)
  4 unseen horrors
  A kobold demonologist (Bailey)
  A tengu conjurer (D:11)
  A komodo dragon (D:12)
  A troll (D:10)
  3 meliai (D:11)
  A hornet (D:8)
  A centaur simulacrum (D:11)
  4 wyverns
  2 basilisks (D:10)
  5 wraiths
  21 yaks
  A steam dragon (D:8)
  3 vampire mosquitoes (D:11)
  3 acid dragons
  5 water moccasins (D:10)
  Duvessa (D:7)
  20 orc warriors
  2 sky beasts (D:7)
  A black bear (D:5)
  5 boggarts (D:12)
  4 ogres
  9 centaurs
  A lemure (D:8)
  2 kobold brigands
  3 bullfrogs
  3 elf zombies (Ossuary)
  3 gnoll sergeants
  2 necrophages (D:5)
  3 scorpions
  24 wights
  12 killer bees
  6 electric eels
  5 centaur zombies (Ossuary)
  2 hounds
  A jelly (D:4)
  4 human zombies (Ossuary)
  6 orc priests
  3 iguanas
  8 orc wizards
  4 mummies
  10 adders
  11 gnolls
  An ufetubus (D:6)
  A worm (D:5)
  A dart slug (D:1)
  44 orcs
  4 bats
  3 endoplasms
  A giant cockroach (D:3)
  25 goblins
  12 hobgoblins
  6 jackals
  5 kobolds
  4 quokkas
  5 ball pythons
  2 frilled lizards (D:1)
  2 goblin zombies (D:4)
  2 rats
350 creatures vanquished.

Vanquished Creatures (collateral kills)
  Erica (D:9)
  An ugly thing (D:11)
  2 slime creatures (D:12)
  A troll (D:12)
  A hornet (D:9)
  2 shadows (D:11)
  6 yaks
  2 wyverns
  2 vampire mosquitoes (D:11)
  An ogre (D:6)
  2 centaurs
  A bullfrog (D:7)
  4 wights
  Dowan (D:7)
  2 killer bees (D:9)
  An electric eel (D:6)
  3 gnolls
  A shadow imp (D:8)
  An ufetubus (D:6)
  2 orcs
  A hobgoblin (D:1)
  3 goblins
41 creatures vanquished.

Vanquished Creatures (others)
  5 centaur zombies (D:11)
  A hydra zombie (D:11)
  2 meliai zombies (D:11)
  A yak (D:11)
  A two-headed ogre zombie (D:11)
  A human zombie (D:11)
  A manticore zombie (D:11)
  3 vampire mosquito zombies (D:11)
  A water moccasin zombie (D:10)
  2 wyvern zombies (D:10)
  A tengu zombie (D:11)
  2 yak zombies
  2 killer bees (D:11)
  A bullfrog zombie (D:7)
  A kobold zombie (D:8)
  2 basilisk zombies (D:10)
  3 boggart zombies (D:12)
  3 killer bee zombies
  2 ogre zombies (D:11)
  2 spectral electric eels (Bailey)
  An elf zombie (D:7)
  A steam dragon zombie (D:8)
  2 adder zombies
  A spectral shadow imp (D:8)
  4 gnoll zombies
  3 goblin zombies
  3 hobgoblin zombies (Bailey)
  25 orc zombies
  3 fungi (D:10)
  28 plants
108 creatures vanquished.

Grand Total: 499 creatures vanquished

Notes
Turn   | Place    | Note
-------+----------+-------------------------------------------
     0 | D:1      | gruber the Demonspawn Necromancer began the quest for the
                  | Orb.
     0 | D:1      | Reached XP level 1. HP: 13/13 MP: 3/3
   330 | D:1      | Gained mutation: You are partially covered in rugged brown
                  | scales. (AC +1, +3% HP) [demonic ancestry]
   330 | D:1      | Reached XP level 2. HP: 8/19 MP: 5/5
   644 | D:1      | Found a faded altar of an unknown god.
   819 | D:1      | Reached skill level 5 in Necromancy
  1157 | D:2      | Identified the +8 ring mail of Failure {rPois rF+ Regen+}
  1298 | D:2      | Reached skill level 1 in Armour
  1298 | D:2      | Gained mutation: A meltable shield of frost defends you.
                  | (SH +4) [demonic ancestry]
  1298 | D:2      | Reached XP level 3. HP: 24/24 MP: 6/6
  1412 | D:2      | Found a shimmering blue altar of Sif Muna.
  1994 | D:3      | Found a radiant altar of Vehumet.
  2200 | D:3      | Found a bloodstained altar of Trog.
  2209 | D:3      | Gained mutation: Your touch may inflict minor irresistible
                  | damage on your foes. [demonic ancestry]
  2209 | D:3      | Reached XP level 4. HP: 28/30 MP: 7/7
  2519 | D:4      | Noticed an ogre
  2519 | D:4      | Found a snail-covered altar of Cheibriados.
  2529 | D:4      | Killed an ogre
  2530 | D:4      | Reached XP level 5. HP: 26/36 MP: 1/8
  2597 | D:4      | Found an ornate altar of the Wu Jian Council.
  2784 | D:4      | Found a sand-covered staircase.
  2791 | D:4      | Reached XP level 6. HP: 41/42 MP: 9/9
  2794 | Ossuary  | Entered an ossuary
  2812 | Ossuary  | Reached skill level 5 in Armour
  2930 | Ossuary  | Reached XP level 7. HP: 45/47 MP: 10/10
  2952 | Ossuary  | Reached skill level 1 in Fighting
  3320 | D:4      | Found an ancient bone altar of Kikubaaqudgha.
  3575 | D:5      | Entered Level 5 of the Dungeon
  3600 | D:5      | Found an opulent altar of Gozag.
  3676 | D:5      | Found a hide-covered altar of Uskayaw.
  3749 | D:5      | Reached skill level 5 in Fighting
  3749 | D:5      | Reached XP level 8. HP: 55/64 MP: 3/11
  4093 | D:5      | Found a staircase to the Ecumenical Temple.
  4173 | D:5      | Found a stormy altar of Qazlal.
  4216 | Temple   | Entered the Ecumenical Temple
  4235 | Temple   | Became a worshipper of Yredelemnul the Dark
  4313 | D:5      | Noticed Menkaure
  4674 | D:6      | Found a shadowy altar of Dithmenos.
  4730 | D:6      | Identified the +2 leather armour of Muttered Phrases {rC+
                  | Int+6}
  4751 | D:6      | Reached skill level 5 in Axes
  4754 | D:6      | Reached * piety under Yredelemnul
  4989 | D:6      | Reached ** piety under Yredelemnul
  4997 | D:6      | Learned a level 3 spell: Vampiric Draining
  5001 | D:6      | Learned a level 3 spell: Frozen Ramparts
  5124 | D:6      | Reached *** piety under Yredelemnul
  5277 | D:6      | Reached **** piety under Yredelemnul
  5401 | D:6      | Gained mutation: A meltable icy envelope protects you from
                  | harm. (AC +4) [demonic ancestry]
  5401 | D:6      | Reached XP level 9. HP: 62/70 MP: 1/12
  5911 | D:7      | Found a flagged portal.
  5925 | Bailey   | Entered a bailey
  6144 | Bailey   | Acquired the ring "Riacwikko" {rN+ Will+ Dex+6 Slay+2}
  6162 | Bailey   | Found an iron altar of Okawaru.
  6163 | Bailey   | Noticed an orc high priest
  6163 | Bailey   | Noticed a kobold demonologist
  6200 | Bailey   | Killed an orc high priest
  6201 | Bailey   | Reached skill level 10 in Necromancy
  6405 | Bailey   | Reached skill level 1 in Invocations
  6454 | Bailey   | Killed a kobold demonologist
  6455 | Bailey   | Reached skill level 3 in Invocations
  6455 | Bailey   | Reached XP level 10. HP: 76/76 MP: 4/13
  6583 | Bailey   | Identified the +9 demon whip of Prudence {drain, *Noise
                  | Str+3}
  6601 | Bailey   | Reached skill level 4 in Invocations
  6799 | D:7      | Noticed Duvessa
  6802 | D:7      | Noticed Dowan
  6808 | D:7      | Killed Duvessa
  6812 | D:7      | Killed Dowan
  6813 | D:7      | Reached skill level 5 in Invocations
  6863 | D:7      | Reached skill level 6 in Invocations
  6999 | D:7      | Reached skill level 7 in Invocations
  7016 | D:7      | Your ally Duvessa died
  7101 | D:7      | Reached skill level 8 in Invocations
  7140 | D:7      | Found a shimmering altar of Xom.
  7145 | D:7      | Found a shimmering blue altar of Sif Muna.
  7231 | D:7      | Found a blossoming altar of Fedhas.
  7486 | D:8      | Reached skill level 9 in Invocations
  7492 | D:7      | Reached skill level 10 in Invocations
  7542 | D:8      | Reached skill level 11 in Invocations
  7562 | D:8      | Noticed Pikel
  7574 | D:8      | Killed Pikel
  7587 | D:8      | Found Zin's Purification Station.
  7624 | D:8      | Reached skill level 12 in Invocations
  7665 | D:8      | Your ally Pikel died
  7676 | D:8      | Reached XP level 11. HP: 78/81 MP: 20/20
  7747 | D:8      | Noticed a two-headed ogre
  7760 | D:8      | Killed a two-headed ogre
  7763 | D:8      | Reached skill level 13 in Invocations
  7888 | D:8      | Identified the ring "Qiyrusm" {rN+ MP+9 Str+2 Dex+3}
  8080 | D:9      | Noticed Erica
  8295 | D:9      | Found a burning altar of Makhleb.
  8315 | D:9      | Identified the +1 chain mail of the Grue {rF+}
  8578 | D:9      | Reached skill level 14 in Invocations
  8641 | D:9      | Killed Erica
  8841 | D:10     | Entered Level 10 of the Dungeon
  8903 | D:10     | Reached skill level 15 in Invocations
  9063 | D:10     | Found a staircase to the Lair.
  9252 | D:10     | Found Rirug's Magic Scroll Shop.
  9547 | D:11     | Gained mutation: Your touch may inflict irresistible damage
                  | on your foes. [demonic ancestry]
  9547 | D:11     | Reached XP level 12. HP: 44/88 MP: 23/23
  9745 | D:11     | Noticed a two-headed ogre
  9756 | D:11     | Killed a two-headed ogre
  9810 | D:11     | Noticed a two-headed ogre
  9821 | D:11     | Killed a two-headed ogre
  9822 | D:11     | Reached skill level 1 in Ice Magic
  9885 | D:11     | Noticed a centaur warrior
  9897 | D:11     | Killed a centaur warrior
 10045 | D:11     | Noticed an eight-headed hydra
 10060 | D:11     | Killed an eight-headed hydra
 10061 | D:11     | Reached skill level 5 in Ice Magic
 10134 | D:11     | Noticed a four-headed hydra
 10134 | D:11     | Noticed a two-headed ogre
 10141 | D:11     | Killed a four-headed hydra
 10148 | D:11     | Killed a two-headed ogre
 10148 | D:11     | Reached ***** piety under Yredelemnul
 10209 | D:11     | Noticed a seven-headed hydra
 10209 | D:11     | Identified the +9 shortbow "Uviekade" {freeze, Int+8 Dex+2}
 10209 | D:11     | Noticed a centaur warrior
 10220 | D:11     | Killed a centaur warrior
 10225 | D:11     | Killed a seven-headed hydra
 10228 | D:11     | Reached ****** piety under Yredelemnul
 10847 | D:11     | Found a staircase to the Orcish Mines.
 10953 | D:11     | Gained mutation: Your touch may irresistibly damage your
                  | foes and sap their willpower. [demonic ancestry]
 10953 | D:11     | Reached XP level 13. HP: 56/94 MP: 24/24
 11076 | D:11     | Reached skill level 5 in Spellcasting
 11614 | D:12     | Noticed Rupert
 11669 | D:12     | You fall into a shaft and drop 2 floors!
 11890 | D:12     | HP: 4/94 [skeletal warrior/+0 scimitar (16)]
 11895 | D:12     | Slain by a skeletal warrior

Illustrated notes

Levels and vault maps discovered:
D:1:      lemuel_arrival_tunnels, layout_loops_ring,
          chequers_ecumenical_altar_twisty
D:2:      layout_loops_ring, basic_altar, cheibrodos_gnoll_hut
D:3:      layout_loops_ring, mainiacjoe_overflow_alcove_1, marbit_many_paths
D:4:      layout_basic, kiku_gazebo_pond_becter,
          pdpol_wu_jian_five_deadly_venoms, cheibriados_altar_1,
          nicolae_ossuary_entry_giza, st_stairs_12,
          chequers_serial_rivers_marsh, chequers_serial_rivers_small_3
D:5:      layout_loops_ring, mainiacjoe_overflow_concentric_impassable,
          nicolae_qazlal_scattered_showers, overflow_temple_1_default,
          minmay_temple_entry_wispy, uniq_menkaure
D:6:      layout_basic, nicolae_overflow_crystal_walls, supply_closet_lemuel,
          serial_bayou_lagoon_a, grunt_ministairs_4, minmay_ogre_servants
D:7:      layout_rooms, general_overflow_altar,
          mainiacjoe_overflow_six_doors_small, grunt_temple_overflow_diamond,
          enter_bailey_3, dk_vineyard_1, uniq_duvessa
D:8:      layout_rooms, zin_purify, hangedman_minor_gate_pass, uniq_pikel
D:9:      layout_irregular_city, lemuel_doored_altar, uniq_erica
D:10:     layout_rooms, minmay_lair_entry_grove, serial_shops,
          nicolae_shop_trees
D:11:     minmay_the_grid_triangle_9x9_rhombus_full
          [minmay_the_grid_triangle_9x9_warning,
          minmay_the_grid_triangle_9x9_shrine,
          minmay_the_grid_triangle_9x9_negative_grid,
          minmay_the_grid_triangle_9x9_longest,
          minmay_the_grid_triangle_9x9_dagger,
          minmay_the_grid_triangle_9x9_alien,
          minmay_the_grid_triangle_9x9_sparse_checkered,
          minmay_the_grid_triangle_9x9_prize_schism], layout_loops_ring,
          special_room [special_room_orc], lemuel_flamethrower_2
D:12:     layout_irregular_city, uniq_rupert
D:13:     layout_loops_ring, lightli_vaults_fourway_checkpoint, serial_shops,
          shop, serial_rivers, chequers_serial_rivers_small_3,
          chequers_serial_rivers_micro_a, chequers_serial_rivers_small_3,
          chequers_serial_rivers_large_a
D:14:     layout_cave_pools, moated_statue
Temple:   hellmonk_temple_two_chambers

Skill      XL: |  1  2  3  4  5  6  7  8  9 10 11 12 13 |
---------------+----------------------------------------+-----
Necromancy     | 5 7 11 | 11.0
Armour         | 1 2 3 4 6 |  6.2
Dodging        | 2 |  2.2
Fighting       | 5 |  5.4
Axes           | 5 8 9 |  9.1
Invocations    | 3 12 15 | 15.0
Ice Magic      | 8 |  8.1
Spellcasting   | 4 7 |  7.0
Stealth        | |  1.7

Action                   |  1- 3 |  4- 6 |  7- 9 | 10-12 | 13-15 || total
-------------------------+-------+-------+-------+-------+-------++-------
Melee: Unarmed           |     6 |       |       |       |       ||     6
       Short sword       |    75 |   123 |   129 |       |       ||   327
       Touch             |       |    38 |    69 |   133 |    27 ||   267
       Hand axe          |       |       |   288 |   498 |    91 ||   877
       Punch             |       |       |     3 |     7 |     3 ||    13
 Cast: Necrotise         |    12 |     7 |    44 |    25 |     2 ||    90
       Vampiric Draining |       |       |    17 |    86 |     4 ||   107
       Frozen Ramparts   |       |       |       |    11 |     4 ||    15
Invok: Recall Undead Har |       |       |       |       |     1 ||     1
Evoke: Wand              |       |       |       |     2 |       ||     2
  Use: Scroll            |       |       |     1 |     1 |       ||     2
       Potion            |       |       |       |       |     1 ||     1
 Stab: Sleeping          |     1 |       |       |     4 |       ||     5
       Distracted        |       |       |     1 |     6 |     1 ||     8
Armor: Robe              |     9 |       |       |       |       ||     9
       Ring mail         |    28 |    63 |   228 |   432 |    33 ||   784
Dodge: Dodged            |    41 |    39 |   210 |   364 |    34 ||   688
Block: Other             |     8 |    26 |    64 |   121 |    15 ||   234

Table legend: (Time is in decaauts)
 A = Elapsed time spent in this place.
 B = Non-inter-level travel time spent in this place.
 C = Inter-level travel time spent in this place.
 D = Time resting spent in this place.
 E = Time spent auto-exploring this place.
 F = Levels seen in this place.
 G = Mean time per level.
                   A        B        C        D        E       F      G
               +--------+--------+--------+--------+--------+-----+--------+
         Total |  11960 |  11536 |    424 |    405 |   8182 |  17 |  703.5 |
       Dungeon |  10776 |  10362 |    414 |    303 |   7701 |  14 |  769.7 |
        Temple |     28 |     19 |      9 |      0 |     13 |   1 |   28.0 |
       Ossuary |    281 |    281 |      0 |      0 |     71 |   1 |  281.0 |
        Bailey |    873 |    873 |      0 |    102 |    397 |   1 |  873.0 |
               +--------+--------+--------+--------+--------+-----+--------+

Top non-repeatable levels by time:
    D:11: 1882 daAuts
     D:6: 1247 daAuts
     D:1: 1145 daAuts
     D:5: 1007 daAuts
     D:4: 880 daAuts
  Bailey: 873 daAuts
     D:7: 762 daAuts
     D:2: 759 daAuts
     D:9: 721 daAuts
     D:3: 620 daAuts
     D:8: 610 daAuts
    D:10: 595 daAuts
    D:12: 514 daAuts
 Ossuary: 281 daAuts
  Temple: 28 daAuts
